 Dungeon Crawl Stone Soup version 0.15-a0 (webtiles) character file.

1021 4tharraofdagon the Poker (level 7, -6/57 HPs)
             Began as a Ghoul Gladiator on Mar 30, 2014.
             Was a Follower of Makhleb.
             Mangled by a wolf (7 damage)
             ... led by Grum
             ... on Level 8 of the Dungeon.
             The game lasted 00:12:40 (2257 turns).

4tharraofdagon the Poker (Ghoul Gladiator)          Turns: 2257, Time: 00:12:40

HP  -6/57        AC  8     Str 19      XL: 7   Next: 93%
MP   5/5         EV 10     Int  5      God: Makhleb [*.....]
Gold 207         SH  0     Dex  9      Spells:  0 memorised,  6 levels left

rFire  . . .     SeeInvis .     l - +1,+0 bardiche (chop)
rCold  + + .     Clarity  .     g - +0 ring mail
rNeg   + + +     Conserve .     (no shield)
rPois  +         rCorr    .     c - +1 helmet
rElec  .         rRot     +     (no cloak)
SustAb . .       Spirit   .     s - +0 pair of gloves
rMut   .         Warding  .     (no boots)
Saprov + + +     Stasis   .     (no amulet)
MR     .....                    (no ring)
                                L - ring of protection from cold

@: invisible, very slightly contaminated, rotting, not resistant to hostile
enchantments, extremely unstealthy
A: rotting body, claws 1, carnivore 3, cold resistance 1, life protection 3,
poison resistance, saprovore 3, slow healing 1, torment resistance, unbreathing
a: Renounce Religion


You were on level 8 of the Dungeon.
You worshipped Makhleb.
Makhleb was aware of your devotion.
You were not hungry.

You visited 1 branch of the dungeon, and saw 9 of its levels.

You collected 207 gold pieces.

Inventory:

Hand weapons
 a - a +0,+0 war axe
 i - a +0,+0 dagger
 l - a +1,+0 bardiche of chopping (weapon)
 o - a +0 blowgun
 B - a +2,+2 great sword of freezing
Missiles
 h - 3 javelins (quivered)
 p - 4 poisoned needles
 w - 19 darts
 C - 8 curare-tipped needles
Armour
 b - a +0 leather armour
 c - a +1 helmet (worn)
 g - a +0 ring mail (worn)
 s - a +0 pair of gloves (worn)
Magical devices
 n - a wand of teleportation (1)
Comestibles
 f - a royal jelly
 j - a meat ration
Scrolls
 d - 2 scrolls of identify
 v - 3 scrolls of remove curse
 z - 2 scrolls of blinking
 E - 3 scrolls of enchant armour
 I - 2 scrolls of teleportation {unknown}
Jewellery
 e - an uncursed ring of flight
 r - an uncursed amulet of warding {unknown}
 t - a -3 ring of protection
 L - a ring of protection from cold (left hand)
Potions
 k - 2 potions of cure mutation
 m - 5 potions of curing
 q - a potion of restore abilities
 x - 2 potions of brilliance
 J - a potion of haste
 K - a potion of heal wounds
Magical staves
 y - an uncursed staff of wizardry


   Skills:
 - Level 3.0 Fighting
 - Level 3.2 Axes
 * Level 7.3 Polearms
 - Level 1.7 Throwing
 - Level 2.0 Armour
 - Level 2.6 Dodging


You had 6 spell levels left.
You didn't know any spells.

Dungeon Overview and Level Annotations

Branches:
Dungeon (9/15)
 Temple: D:4-7          Orc: D:9-12        Lair: D:8-11

Altars:
Fedhas
Makhleb
Zin

Shops:
D:5 *

Annotations:
D:4 Vidiiot's ghost, average GrHu


Innate Abilities, Weirdness & Mutations

Your body is rotting away.
You have sharp fingernails.
You are carnivorous and can eat meat at any time.
Your flesh is cold resistant.
You are immune to negative energy.
Your system is resistant to poisons.
You thrive on rotten meat.
You heal slowly when monsters are visible.
You are immune to unholy pain and torment.
You can survive without breathing.


Message History

The wolf closely misses you.
Drink which item? (? for menu, Esc to quit)
You fade into invisibility!
The wolf bites you!
* * * LOW HITPOINT WARNING * * *
You are very lightly contaminated with residual magic.
Unknown command.
You miss the wolf. The wolf closely misses you. The wolf barely misses you.
The wolf closely misses you.
Unknown command.
You miss the wolf. The wolf bites you but does no damage. The wolf bites you.
* * * LOW HITPOINT WARNING * * *
The wolf misses you.
Unknown command.
You completely miss the wolf. The wolf bites you.
* * * LOW HITPOINT WARNING * * *
The wolf bites you!
* * * LOW HITPOINT WARNING * * *
The wolf bites you!
You die...

...#######.....,,* *,*
...'..........#,,* *## * ,*
...##########.., ** ###..,,,,
* ...##### #.#*,**,..#.#,,, *
#<.....# #.#* **,#.#.# ** *
...###.# #.#*,,,,#.#.#,**,*
##.### ######.#*,**,#.#.#,* ,*
.....#,#.%....#######.#.#,****
..####,#.....hhh@.......#,*
#.## *,#......#######.###,*
...# #.....##.........# *,*
...# ########.#######.# *,*
...#### *,..#.# #.# *,*
......# *,#.#.#*****###**,*
......# *,#.#.#,,,,, ,, ,,*
......# #,#.#.#, * ********
......# #.#...#,**##


You could see 2 wolves and a jackal.

Vanquished Creatures
  A hippogriff (D:8)
  An ogre (D:8)
  A yellow wasp (D:8)
  A phantom (D:8)
  A giant frog (D:8)
  2 crimson imps (D:8)
  A giant frog zombie (D:5)
  2 jellies
  2 worker ants
  A sky beast zombie (D:5)
  6 adders
  2 worms (D:3)
  A giant mite (D:3)
  2 giant geckos
  An orc (D:4)
  6 bats
  2 giant cockroaches
  7 hobgoblins
  6 kobolds
  2 goblins
  A hobgoblin skeleton (D:5)
  6 jackals
  A kobold skeleton (D:5)
  A quokka skeleton (D:4)
  6 rats
63 creatures vanquished.

Notes
Turn   | Place    | Note
--------------------------------------------------------------
     0 | D:1      | 4tharraofdagon, the Ghoul Gladiator, began the quest for the Orb.
     0 | D:1      | Reached XP level 1. HP: 17/17 MP: 1/1
   182 | D:1      | Reached XP level 2. HP: 12/25 MP: 2/2
   297 | D:2      | :(
   301 | D:2      | Reached skill level 3 in Axes
   301 | D:2      | Reached skill level 1 in Armour
   306 | D:2      | Reached XP level 3. HP: 7/30 MP: 3/3
   419 | D:2      | Found a burning altar of Makhleb.
   428 | D:2      | Became a worshipper of Makhleb the Destroyer
   621 | D:3      | Reached skill level 1 in Polearms
   781 | D:2      | Reached XP level 4. HP: 9/37 MP: 3/3
  1186 | D:4      | Noticed a phantom
  1232 | D:4      | Noticed Vidiiot's ghost (average GrHu)
  1235 | D:5      | Entered Level 5 of the Dungeon
  1266 | D:5      | Reached XP level 5. HP: 34/45 MP: 4/4
  1318 | D:5      | Found Zin's Purification Station.
  1321 | D:5      | Found a glowing silver altar of Zin.
  1397 | D:5      | Found a blossoming altar of Fedhas.
  1431 | D:5      | Reached skill level 4 in Polearms
  1602 | D:6      | Reached XP level 6. HP: 51/51 MP: 5/5
  1717 | D:7      | Noticed an iron devil
  1859 | D:8      | Acquired Makhleb's first power
  1859 | D:8      | Reached skill level 5 in Polearms
  1935 | D:8      | Noticed a hippogriff
  1950 | D:8      | Killed a hippogriff
  1950 | D:8      | Reached skill level 6 in Polearms
  1950 | D:8      | Reached XP level 7. HP: 19/57 MP: 5/5
  2179 | D:8      | Reached skill level 7 in Polearms
  2257 | D:8      | HP: 1/57 [wolf[Grum] (7)]
  2257 | D:8      | Mangled by a wolf

Action                   |  1- 3 |  4- 6 |  7- 9 || total
-------------------------+-------+-------+-------++-------
Melee: War axe           |    61 |    37 |       ||    98
       Bardiche          |    40 |    93 |    35 ||   168
       Great sword       |       |     6 |       ||     6
Throw: Throwing net      |     1 |     3 |       ||     4
       Javelin           |       |       |     2 ||     2
Evoke: Wand              |       |     1 |       ||     1
  Use: Scroll            |     7 |     5 |     2 ||    14
       Potion            |       |       |     2 ||     2
